 Dungeon Crawl Stone Soup version 0.30.1-3-gfc49f6343a (webtiles) character file.

Game seed: 9503732144384466067

718 Labrat the Conjurer (level 8, 13/52 HPs)
             Began as a Human Conjurer on July 23, 2023.
             Was a Believer of Vehumet.
             Quit the game on level 4 of the Dungeon.
             The game lasted 00:11:51 (5839 turns).

Labrat the Conjurer (Human Conjurer)                Turns: 5839, Time: 00:11:52

Health: 13/52      AC:  2    Str:  7    XL:     8   Next: 1%
Magic:  3/16       EV: 12    Int: 21    God:    Vehumet [**....]
Gold:   163        SH:  0    Dex: 12    Spells: 11/18 levels left

rFire   . . .        e - +1 dagger (venom)
rCold   . . .        (no shield)
rNeg    . . .        a - +0 robe
rPois   .            (no helmet)
rElec   .            (no cloak)
rCorr   .            (no gloves)
SInv    .            (no boots)
Will    .....        (no amulet)
Stlth   ++           (no ring)
HPRegen 0.28/turn    (no ring)
MPRegen 0.15/turn

%: no passive effects
@: no status effects
A: no striking features
a: Renounce Religion


You were on level 4 of the Dungeon.
You worshipped Vehumet.
Vehumet was pleased with you.
You visited 1 branch of the dungeon, and saw 5 of its levels.
You also visited: Sewer.

You collected 163 gold pieces.

Inventory:

Hand Weapons
 e - a +1 dagger of venom (weapon)
 p - a +2 short sword of holy wrath
Missiles
 u - 3 poisoned darts
Armour
 a - a +0 robe (worn)
Scrolls
 c - a scroll of enchant weapon {unknown}
 d - a scroll of torment {unknown}
 f - 2 scrolls of blinking {unknown}
 g - 3 scrolls of fear {unknown}
 h - 2 scrolls of teleportation {unknown}
 m - a scroll of identify {unknown}
 q - a scroll of fog {unknown}
 r - 3 scrolls of enchant armour {unknown}
 s - a scroll of magic mapping {unknown}
Potions
 b - a potion of magic
 j - a potion of attraction {unknown}
 k - 3 potions of degeneration {unknown}
 l - a potion of ambrosia {unknown}
 n - a potion of cancellation {unknown}
 o - a potion of mutation {unknown}


   Skills:
 - Level 2.0 Dodging
 - Level 2.0 Stealth
 + Level 5.6 Spellcasting
 + Level 7.1 Conjurations


You had 11 spell levels left.
You knew the following spells:

 Your Spells              Type           Power      Damage    Failure   Level
a - Magic Dart            Conj           100%       1d8       1%          1
b - Searing Ray           Conj           70%        2d7       1%          2
c - Iskenderun's Mystic   Conj/Tloc      20%        2d6       24%         4

Your spell library contained the following spells:

 Spells                   Type           Power      Damage    Failure   Level
 Static Discharge         Conj/Air       40%        2-4/arc   3%          2
 Shock                    Conj/Air       80%        1d8       2%          1
 Dazzling Flash           Conj/Hex       40%        N/A       7%          3
 Sublimation of Blood     Necr           5%         N/A       16%         2
 Fulminant Prism          Conj/Hex       10%        3d9       24%         4
 Swiftness                Air            5%         N/A       30%         3
 Irradiate                Conj/Tmut      10%        3d15      54%         5
 Airstrike                Air            2%         2d(1-17)  71%         4
 Petrify                  Tmut/Erth      5%         N/A       71%         4


Dungeon Overview and Level Annotations

Branches:
Dungeon (5/15)              Sewer (visited)
 Temple: D:4-7

Altars:
Fedhas
Okawaru
Ru
Vehumet
Yredelemnul

Annotations:
D:4 Duvessa
D:5 3 runed translucent doors


Message History

Duvessa convulses.
Duvessa seems to slow down.
Duvessa is heavily wounded.
Duvessa struggles against the net.
Duvessa struggles against the net.
Duvessa struggles against the net.
Your magical contamination has completely faded away.
Duvessa struggles against the net.
The net rips apart, and Duvessa comes free!
Unknown command.
Throw: throwing net
Press: ? - help, Shift-Dir - straight line, f/p - Duvessa
Aim: Duvessa, wielding a +0 short sword and wearing a +3 leather armour of cold resistance (heavily wounded, berserk, very poisoned, slow, 60% to hit)
You throw a throwing net.
The throwing net closely misses Duvessa.
Throw: 4 darts (poison)
Press: ? - help, Shift-Dir - straight line, f/p - Duvessa
Aim: Duvessa, wielding a +0 short sword and wearing a +3 leather armour of cold resistance (heavily wounded, berserk, poisoned, slow, 60% to hit)
You throw a poisoned dart.
The poisoned dart closely misses Duvessa.
Unknown command.
Casting: Iskenderun's Mystic Blast (quite dangerous; 24% risk of failure)
Confirm with . or Enter, or press ? or * to list all spells.
Aiming: Searing Ray (safe; 1% risk of failure)
Press: ? - help, Shift-Dir - straight line, f/p - Duvessa
Aim: Duvessa, wielding a +0 short sword and wearing a +3 leather armour of cold resistance (heavily wounded, berserk, poisoned, slow, 83% to hit)
The searing ray misses Duvessa. (Press . to maintain the ray.) Unknown command.
The searing ray hits Duvessa.
Duvessa is heavily wounded.
Casting: Searing Ray (safe; 1% risk of failure)
Confirm with . or Enter, or press ? or * to list all spells.
The spell is quite dangerous to miscast (24% risk of failure)!
Continue anyway?
You erupt in a blast of force!
The mystic blast hits Duvessa but does no damage.
Duvessa is heavily wounded.
Duvessa hits you with a +0 short sword.
* * * LOW HITPOINT WARNING * * *
Unknown command.
Are you sure you want to abandon this character and quit the game? (Confirm with "yes".)

............#..........#
............#....).....#
...........###........##
......................##
.......................#
...........##.........(#
##......##.##........((#
...#....#..........)...#
...........#....@e.>...#
...........##.........##
#..........####......##
#..........# ########
...........#
#..........#
#..........#
#.........<##
#####.......#


You could see Duvessa (berserk, poisoned, slow).

Vanquished Creatures
  A kobold brigand (Sewer)
  2 scorpions (D:4)
  Dowan (D:5)
  3 hounds
  A sleepcap (D:4)
  An orc wizard (D:4)
  6 gnolls
  12 adders
  2 river rats (Sewer)
  A shadow imp (D:5)
  4 worms
  3 dart slugs
  6 orcs (D:4)
  3 bats
  12 endoplasms
  3 giant cockroaches
  8 goblins
  14 hobgoblins
  16 kobolds
  7 quokkas
  15 ball pythons
  4 frilled lizards
  9 rats
134 creatures vanquished.

Notes
Turn   | Place    | Note
-------+----------+-------------------------------------------
     0 | D:1      | Labrat the Human Conjurer began the quest for the Orb.
     0 | D:1      | Reached XP level 1. HP: 13/13 MP: 3/3
   232 | D:1      | Found a faded altar of an unknown god.
   250 | D:1      | Reached XP level 2. HP: 19/19 MP: 3/5
   834 | D:1      | Reached XP level 3. HP: 24/24 MP: 2/6
   837 | D:1      | Learned a level 2 spell: Searing Ray
  1369 | D:2      | Reached XP level 4. HP: 30/30 MP: 0/8
  1843 | D:2      | Reached skill level 5 in Conjurations
  2140 | D:2      | Reached XP level 5. HP: 19/35 MP: 4/10
  2426 | D:3      | Found a blossoming altar of Fedhas.
  2578 | D:3      | Found a radiant altar of Vehumet.
  2582 | D:3      | Became a worshipper of Vehumet
  2840 | D:3      | Found a basalt altar of Yredelemnul.
  2868 | D:3      | Reached XP level 6. HP: 41/41 MP: 7/11
  3133 | D:3      | Found a sacrificial altar of Ru.
  3378 | D:3      | Learned a level 4 spell: Iskenderun's Mystic Blast
  3477 | D:4      | Reached * piety under Vehumet
  3477 | D:4      | Offered knowledge of Freeze by Vehumet.
  3517 | D:4      | Found a glowing drain.
  3553 | Sewer    | Entered a sewer
  4027 | Sewer    | Reached skill level 6 in Conjurations
  4282 | Sewer    | Reached XP level 7. HP: 37/46 MP: 1/14
  4775 | D:4      | Reached ** piety under Vehumet
  4825 | D:4      | Offered knowledge of Static Discharge by Vehumet.
  4896 | D:4      | Found an iron altar of Okawaru.
  4989 | D:4      | Reached skill level 5 in Spellcasting
  5361 | D:5      | Entered Level 5 of the Dungeon
  5365 | D:5      | Noticed Dowan
  5488 | D:5      | Noticed Duvessa
  5488 | D:5      | Found a runed translucent gate.
  5488 | D:5      | Found a runed translucent gate.
  5488 | D:5      | Found a runed translucent gate.
  5545 | D:4      | Reached skill level 7 in Conjurations
  5801 | D:5      | Killed Dowan
  5802 | D:5      | Reached XP level 8. HP: 50/52 MP: 8/16
  5839 | D:4      | Quit the game

Illustrated notes

Levels and vault maps discovered:
D:1:      minmay_arrival_arboretum_large, layout_basic,
          nicolae_ecumenical_snake_handling, ebering_dispersal_statue_hall
D:2:      layout_basic, serial_curves, eino_curves_02, eino_curves_02
D:3:      layout_rooms, mainiacjoe_overflow_24_doors, fedhas_altar_4,
          yredelemnul_altar_generic, mainiacjoe_overflow_brackets,
          mrwooster_statue_mirror, minivault_4,
          amcnicky_mini_rare_corridor_liquid
D:4:      layout_rooms, kennysheep_mini_moat, gup_sewer_entry_spiral
D:5:      layout_rooms, grunt_gozag_statues, minmay_temple_entry_purple_smoke,
          gammafunk_ghost_icy, st_stairs_9, reono_crystal_passage, uniq_duvessa,
          uniq_menkaure

Skill      XL: |  1  2  3  4  5  6  7 |
---------------+----------------------+-----
Spellcasting   | 3 4 5 |  5.6
Conjurations   | 5 6 7 |  7.1
Dodging        | |  2.0
Stealth        | |  2.0

Action                     |  1- 3 |  4- 6 |  7- 9 || total
---------------------------+-------+-------+-------++-------
  Melee: Dagger            |       |     8 |     1 ||     9
  Throw: Throwing net      |       |       |     3 ||     3
         Dart              |       |       |     2 ||     2
   Cast: Magic Dart        |    53 |   154 |    65 ||   272
         Searing Ray       |     3 |    14 |    14 ||    31
         Iskenderun's Myst |       |       |     5 ||     5
    Use: Potion            |       |       |     1 ||     1
 Armour: Robe              |       |     6 |     1 ||     7
  Dodge: Dodged            |     5 |    28 |    19 ||    52
